Map: [ESL] Oceanborn

Players

Kelazhur

  • Race: Terran Terran
  • Spawn Location: 5:00

DisK - Winner!

  • Race: Protoss Protoss
  • Spawn Location: 11:00

Event: ESL SC2 Masters 2023 Winter (Regional)

VOD

Have the link to the VOD?

Description

Time

  • Played on: Nov. 3, 2023, 1:47 p.m.
  • Length: 14:14

All games in this series

Show
View Real Time Build Order
Export as new Build Order

Kelazhur Terran 

Build Orders:  

Get SALT Encoding   

  12  0:00  SCV  
  13  0:12  SCV  
  14  0:16  Supply Depot  
  14  0:24  SCV  
  15  0:38  SCV  
  15  0:39  Barracks  
  16  0:42  Refinery  
  16  0:50  SCV  
  17  1:02  SCV  
  18  1:14  SCV  
  19  1:27  Orbital Command, Marine  
  20  1:38  Command Center  
  20  1:52  Factory  
  20  1:53  SCV  
  21  2:03  Barracks Reactor  
  21  2:06  SCV  
  22  2:09  Refinery  
  22  2:12  Supply Depot  
  22  2:18  SCV  
  23  2:33  SCV  
  24  2:41  Starport  
  24  2:44  Hellion x2  
  24  2:45  SCV  
  24  2:50  Barracks Tech Lab  
  28  2:55  Orbital Command  
  28  2:58  SCV  
  29  3:10  SCV  
  30  3:18  Siege Tank  
  33  3:21  Marine x2  
  33  3:23  SCV  
  36  3:27  Starport Tech Lab  
  36  3:29  SCV  
  35  3:37  SCV  
  35  3:39  Marine x2  
  38  3:46  Banshee  
  41  3:48  SCV  
  41  3:50  Supply Depot  
  41  3:51  SCV  
  43  3:57  Marine x2  
  43  4:01  SCV  
  46  4:07  Supply Depot  
  46  4:11  Siege Tank, SCV  
  46  4:13  SCV  
  46  4:14  Marine  
  46  4:15  Marine  
  46  4:16  Supply Depot  
  53  4:22  Barracks  
  53  4:24  SCV  
  54  4:29  SCV  
  55  4:32  Marine x2  
  55  4:36  SCV  
  55  4:38  Raven  
  59  4:40  Barracks  
  59  4:41  SCV  
  60  4:46  Siege Tank  
  60  4:48  SCV  
  60  4:50  Marine  
  65  4:53  Marine  
  65  4:55  Supply Depot  
  65  4:58  SCV  
  67  5:00  Refinery  
  67  5:03  Engineering Bay  
  67  5:07  SCV  
  67  5:08  Marine  
  67  5:10  SCV  
  67  5:14  Barracks Tech Lab  
  70  5:17  Marine  
  70  5:18  Siege Tank  
  74  5:26  SCV  
  70  5:29  SCV  
  70  5:32  Marine  
  72  5:37  Marauder  
  72  5:38  SCV  
  72  5:41  Marine  
  72  5:42  SCV  
  59  5:50  Siege Tank  
  59  5:52  Marine  
  59  5:56  SCV x2  
  62  5:58  Command Center, Barracks Tech Lab, Marauder  
  62  6:02  Marine  
  62  6:04  Refinery  
  62  6:05  Terran Infantry Weapons Level 1  
  62  6:08  SCV  
  63  6:11  Marine  
  63  6:14  Barracks, Stimpack  
  63  6:15  Barracks  
  63  6:17  SCV  
  65  6:20  Marauder  
  65  6:21  Marauder  
  69  6:26  SCV  
  69  6:29  Combat Shield  
  69  6:31  SCV  
  71  6:33  Supply Depot, Marine x2  
  71  6:38  SCV  
  74  6:43  SCV, Supply Depot  
  77  6:47  Marauder  
  77  6:50  SCV  
  78  6:55  Supply Depot, Marauder  
  78  6:56  Marine x2  
  78  6:59  Starport Reactor, Factory Reactor, SCV  
  83  7:03  Barracks Reactor  
  85  7:08  Marauder  
  85  7:13  SCV x2  
  87  7:15  Marine x2  
  87  7:16  Marauder  
  87  7:19  Marauder, Concussive Shells  
  89  7:25  SCV  
  89  7:28  Orbital Command  
  89  7:29  SCV  
  90  7:30  Marauder  
  90  7:31  Bunker  
  90  7:36  Bunker, Medivac x2  
  94  7:38  SCV, Marauder  
  94  7:40  Marauder  
  94  7:41  SCV, Marine x2  
  102  7:49  Marine x2  
  106  7:51  Missile Turret, Marauder  
  106  7:52  Widow Mine  
  106  7:59  Marine, Marauder, Terran Infantry Armor Level 1  
  106  8:00  Marine  
  106  8:02  Marauder  
  103  8:07  Marine  
  103  8:08  Marine  
  105  8:12  Marauder  
  105  8:15  SCV  
  105  8:16  SCV  
  105  8:17  Marine  
  105  8:19  Widow Mine  
  112  8:20  Widow Mine  
  112  8:21  Marauder  
  112  8:25  SCV  
  115  8:27  Marauder  
  115  8:30  SCV  
  115  8:31  SCV, Marine  
  115  8:32  Medivac  
  115  8:37  Marine x2, SCV  
  115  8:40  Marine  
  115  8:41  Armory  
  117  8:43  Supply Depot  
  117  8:44  Widow Mine, Marauder x2  
  117  8:46  Medivac  
  125  8:55  Refinery  
  125  9:04  Marine x3  
  125  9:05  Marauder, SCV x3  
  133  9:10  Supply Depot  
  133  9:13  Marine  
  133  9:14  Supply Depot, Marauder x2, Widow Mine  
  133  9:15  Supply Depot  
  140  9:18  Refinery  
  140  9:21  Ghost Academy  
  140  9:22  Marine  
  141  9:30  Supply Depot  
  141  9:31  Medivac x2  
  141  9:32  Marauder, Widow Mine  
  141  9:35  Marine  
  141  9:36  Marauder x2  
  152  9:42  Marine x2  
  136  9:45  Marine  
  116  9:52  Marine  
  116  9:53  Marauder  
  116  9:56  Widow Mine  
  116  9:57  Marauder x2  
  116  9:58  SCV  
  108  10:02  Marine  
  108  10:06  Marine x2  
  108  10:09  Terran Infantry Weapons Level 2  
  108  10:12  Viking  
  104  10:15  Marine, Marauder  
  104  10:17  SCV x2  
  104  10:18  Marauder  
  104  10:19  Marauder  
  104  10:20  Marine  
  111  10:21  Medivac  
  111  10:29  Marine  
  111  10:30  Marine  
  111  10:32  SCV x3  
  116  10:36  Marauder  
  116  10:38  Refinery  
  118  10:42  Ghost  
  118  10:43  Ghost, Marine x2  
  118  10:44  SCV  
  118  10:47  SCV x2, Marine  
  118  10:48  Marine  
  129  10:56  SCV  
  130  10:57  Marauder  
  130  11:01  Marine  
  130  11:03  Marine  
  133  11:04  Marine  
  133  11:05  Widow Mine x2  
  133  11:10  Marine  
  130  11:11  Ghost  
  130  11:12  Marauder  
  130  11:14  SCV x2  
  135  11:20  Marine  
  135  11:23  SCV, Marine x2  
  135  11:25  Marine  
  130  11:28  Marine  
  130  11:29  Liberator, Widow Mine x2  
  130  11:32  Liberator  
  138  11:33  Marine  
  138  11:37  Command Center  
  138  11:38  SCV x2  
  138  11:39  SCV  
  145  11:41  Ghost, Marine  
  145  11:42  Marine  
  149  11:51  Marauder x2, Widow Mine x2, Marine  
  149  11:53  Marine  
  159  11:55  Supply Depot  
  159  11:59  Marine  
  160  12:02  Marine  
  161  12:08  Marine  
  161  12:09  Ghost  
  164  12:16  Marauder, Marine  
  164  12:17  Marine, Marauder  
  164  12:20  Marine  
  171  12:25  Liberator x2  
  171  12:26  Marine, Widow Mine  
  180  12:34  Marine  
  180  12:35  Marine  
  180  12:36  Missile Turret  
  181  12:39  Marauder  
  181  12:40  Marine  
  181  12:41  Marauder x2  
  157  12:44  Marine  
  157  12:50  SCV x2  
  144  12:52  Marine  
  144  12:53  Marine  
  146  13:01  Marauder  
  146  13:02  Marauder  
  146  13:03  Marine x2, Marauder  
  154  13:07  Widow Mine x2  
  154  13:08  Viking x2  
  159  13:22  Marauder  
  159  13:26  Marauder  
  151  13:29  Marauder  
  151  13:33  Widow Mine x2  
  147  13:38  Viking x2, Marine  
  126  13:43  Marine x3  
  126  13:44  Marauder  
  126  13:47  Marauder  
  108  13:50  Marauder  
Show
View Real Time Build Order
Export as new Build Order

DisK Protoss - Winner!

Build Orders: 1 Gate Expand, Archon Immortal, Blink Stalkers 

Get SALT Encoding   

  12  0:00  Probe  
  13  0:12  Probe  
  14  0:17  Pylon  
  14  0:24  Probe (Chrono Boost)  
  15  0:35  Gateway  
  15  0:36  Probe (Chrono Boost)  
  16  0:45  Probe (Chrono Boost)  
  16  0:46  Assimilator  
  17  0:50  Probe  
  18  1:03  Probe  
  19  1:15  Probe  
  20  1:22  Cybernetics Core  
  20  1:31  Nexus  
  20  1:34  Probe  
  21  1:40  Pylon  
  21  1:46  Probe (Chrono Boost)  
  22  1:49  Assimilator  
  22  1:58  Adept, Probe (Chrono Boost)  
  25  2:01  Warp Gate  
  25  2:04  Probe (Chrono Boost)  
  26  2:14  Probe  
  27  2:23  Twilight Council  
  27  2:26  Probe (Chrono Boost)  
  28  2:32  Stalker  
  28  2:36  Probe (Chrono Boost)  
  31  2:47  Gateway  
  31  2:49  Probe (Chrono Boost)  
  31  2:50  Probe (Chrono Boost)  
  33  2:55  Blink (Chrono Boost)  
  33  2:57  Probe (Chrono Boost)  
  35  3:00  Probe (Chrono Boost)  
  35  3:05  Probe  
  35  3:10  Probe  
  37  3:17  Probe  
  37  3:18  Robotics Facility  
  38  3:25  Probe  
  39  3:28  Pylon  
  39  3:29  Probe  
  39  3:31  Shield Battery  
  40  3:38  Probe  
  40  3:39  Robotics Facility  
  42  3:41  Probe  
  42  3:50  Stalker x2, Probe  
  42  3:53  Probe  
  48  3:59  Nexus  
  48  4:02  Pylon  
  48  4:05  Observer  
  48  4:06  Probe  
  50  4:12  Probe  
  50  4:16  Stalker  
  53  4:18  Probe  
  53  4:19  Assimilator  
  53  4:20  Stalker  
  53  4:22  Pylon  
  56  4:24  Probe  
  56  4:30  Probe  
  58  4:33  Immortal (Chrono Boost)  
  60  4:38  Probe  
  61  4:47  Shield Battery, Forge  
  61  4:48  Gateway  
  61  4:49  Probe  
  62  4:59  Stalker x2  
  66  5:02  Shield Battery  
  65  5:09  Immortal  
  65  5:11  Shield Battery  
  65  5:13  Probe  
  69  5:25  Stalker x2  
  73  5:28  Gateway  
  73  5:30  Probe x2 (Chrono Boost)  
  75  5:41  Probe (Chrono Boost)  
  75  5:44  Forge  
  75  5:46  Forge  
  75  5:48  Probe (Chrono Boost)  
  69  5:51  Protoss Ground Weapons Level 1 (Chrono Boost)  
  69  5:54  Probe (Chrono Boost)  
  70  5:58  Charge  
  70  6:01  Stalker x3  
  70  6:02  Probe (Chrono Boost)  
  78  6:07  Pylon, Probe (Chrono Boost)  
  78  6:10  Probe (Chrono Boost)  
  79  6:14  Observer  
  79  6:16  Probe (Chrono Boost)  
  79  6:18  Probe (Chrono Boost)  
  81  6:19  Probe  
  81  6:22  Pylon  
  83  6:25  Protoss Ground Armor Level 1 (Chrono Boost)  
  83  6:27  Gateway  
  83  6:30  Gateway  
  83  6:32  Probe x2  
  85  6:33  Gateway, Probe  
  85  6:36  Pylon  
  86  6:40  Protoss Shields Level 1 (Chrono Boost)  
  86  6:44  Probe  
  85  6:47  Gateway x2  
  85  6:49  Sentry, Zealot  
  89  6:54  Probe x2  
  89  6:57  Assimilator  
  89  6:58  Assimilator, Pylon  
  91  7:01  Pylon  
  91  7:02  Zealot  
  93  7:09  Probe  
  93  7:14  Zealot x3  
  93  7:15  Probe x2, Pylon  
  102  7:28  Observer, Zealot x4  
  108  7:36  Zealot x2  
  108  7:37  Zealot  
  114  7:40  Probe x2  
  114  7:43  Nexus  
  116  7:47  Templar Archives, Pylon  
  112  8:05  Zealot x8  
  115  8:15  Zealot  
  115  8:16  Warp Prism  
  115  8:18  Probe x3  
  120  8:27  High Templar x3  
  120  8:28  High Templar  
  120  8:30  Probe  
  120  8:33  Observer  
  120  8:34  Archon x2  
  119  8:36  Probe x2  
  119  8:38  Protoss Ground Weapons Level 2 (Chrono Boost)  
  119  8:42  Probe  
  119  8:44  Gateway, Protoss Ground Armor Level 2 (Chrono Boost)  
  119  8:45  Protoss Shields Level 2 (Chrono Boost)  
  119  8:47  Gateway  
  120  8:50  Pylon  
  120  8:52  Shield Battery  
  120  8:55  Pylon  
  120  8:58  Zealot x5  
  130  9:02  Robotics Facility  
  130  9:04  Probe  
  131  9:11  Zealot x4  
  131  9:17  Pylon  
  139  9:21  Zealot x3  
  139  9:23  Pylon  
  145  9:26  Zealot x2  
  149  9:36  Zealot x4  
  153  9:43  Zealot x3  
  153  9:44  Zealot x2  
  144  9:50  Observer  
  134  9:56  Immortal x2  
  134  9:58  Robotics Bay  
  134  10:08  Zealot x6  
  144  10:17  Dark Shrine  
  144  10:20  High Templar  
  144  10:21  High Templar x3, Zealot  
  148  10:25  Photon Cannon  
  148  10:27  Photon Cannon  
  148  10:28  Photon Cannon x2, Pylon  
  152  10:29  Archon  
  152  10:30  Archon  
  152  10:39  Pylon  
  152  10:42  Stalker x3  
  158  10:55  Pylon  
  148  11:01  Colossus x2 (Chrono Boost)  
  156  11:09  Zealot x4  
  156  11:10  Zealot x4  
  165  11:23  Zealot x3  
  153  11:32  Extended Thermal Lance  
  153  11:35  Dark Templar x4  
  153  11:38  Zealot x4  
  169  11:43  Nexus  
  169  11:48  Pylon  
  169  11:53  Zealot x3  
  175  12:04  Zealot x4  
  175  12:07  Photon Cannon  
  183  12:09  Shield Battery  
  183  12:14  Colossus (Chrono Boost)  
  183  12:17  Colossus (Chrono Boost)  
  193  12:26  Zealot x3  
  142  12:52  Stalker x3  
  142  12:53  Stalker x5  
  147  13:07  Probe x2  
  149  13:14  Dark Templar x2  
  149  13:19  Zealot  
  149  13:20  Zealot x3  
  146  13:33  Zealot x5  
  132  13:45  Zealot x4  
  132  13:47  Photon Cannon  
  132  13:48  Probe x2  
  130  13:55  Stalker x3  
Tags
 
Add a new tag
Caveats
  • Supply blocks, unpowered buildings, or Contaminate may cause inaccurate times.
  • Supply counts are checked every 10 seconds.